 Dungeon Crawl Stone Soup version 0.29.1-4-g47bece8355 (webtiles) character file.

Game seed: 10814760580981194408

0 H0rd4k the Charlatan (level 1, 0/13 HPs)
             Began as an Octopode Artificer on Dec 5, 2022.
             Slain by a frilled lizard (3 damage)
             ... on level 1 of the Dungeon.
             The game lasted 00:00:19 (31 turns).

H0rd4k the Charlatan (Octopode Artificer)             Turns: 31, Time: 00:00:19

Health: 0/13       AC:  1    Str: 11    XL:     1   Next: 10%
Magic:  1/1        EV: 10    Int: 13    God:
Gold:   0          SH:  0    Dex: 12    Spells: 0/0 levels left

rFire   . . .      SeeInvis .   (no weapon)
rCold   . . .      Faith    .   (no shield)
rNeg    . . .      Spirit   .   (helmet restricted)
rPois   .          Reflect  .   (no amulet)
rElec   .          Harm     .   (no ring)
rCorr   .          Rampage  .   (no ring)
Will    .....                   (no ring)
Stlth   +++.......              (no ring)
HPRegen 0.04/turn               (no ring)
MPRegen 0.07/turn               (no ring)
                                (no ring)
                                (no ring)

@: constricted
A: almost no armour, amphibious, 8 rings, camouflage 1, gelatinous body 1,
(nimble swimmer 1), tentacles
a: no special abilities


You were on level 1 of the Dungeon.
You visited 1 branch of the dungeon, and saw 1 of its levels.

Inventory:

Wands
 b - a wand of flame (15) (quivered)
 c - a wand of charming (15)
 d - a wand of iceblast (5)
Scrolls
 e - a scroll of noise {unknown}


   Skills:
 * Level 1.0 Fighting
 - Level 2.3 Dodging
 - Level 1.3 Stealth
 - Level 3.3 Evocations


You couldn't memorise any spells.
You didn't know any spells.
Your spell library was empty.

Dungeon Overview and Level Annotations

Branches:
Dungeon (1/15)

Altars:


Innate Abilities, Weirdness & Mutations

You cannot wear most types of armour.
You are amphibious.
You can wear up to eight rings at the same time.
Your skin changes colour to match your surroundings (Stealth+).
Your rubbery body absorbs attacks. (AC +1, EV +1)
((You are camouflaged when in or above water. (Stealth+)))
You have tentacles for arms and can constrict up to eight enemies at once.


Message History

No target in view!
No target in view!
You are now empty-tentacled.
You drop a +0 club.
A hobgoblin comes into view.
A hobgoblin is nearby!
A hobgoblin is nearby!
Found 6 gold pieces.
The hobgoblin shouts!
You hear an angry hiss. x2
A ball python comes into view.
You completely miss the hobgoblin. Your grab misses the hobgoblin.
The hobgoblin barely misses you.
A frilled lizard comes into view.
You tentacle-slap the hobgoblin. Your grab misses the hobgoblin.
The hobgoblin is lightly wounded.
The hobgoblin hits you. The ball python bites you. The ball python grabs you.
The ball python constricts you.
You tentacle-slap the ball python. Your grab misses the ball python.
The ball python is severely wounded.
The ball python closely misses you. The ball python constricts you.
The hobgoblin misses you.
You are too injured to fight recklessly!
You are too injured to fight recklessly!
You are too injured to fight recklessly!
You are too injured to fight recklessly!
You are too injured to fight recklessly!
There are monsters nearby!
You are too injured to fight recklessly!
There are monsters nearby!
You are too injured to fight recklessly!
You tentacle-slap the hobgoblin. You grab the hobgoblin.
The hobgoblin is moderately wounded.
You constrict the hobgoblin. The ball python bites you.
The ball python constricts you.
* * * LOW HITPOINT WARNING * * *
The hobgoblin closely misses you.
You barely miss the ball python. Your grab misses the ball python.
The ball python is severely wounded.
You constrict the hobgoblin. The ball python closely misses you.
The ball python constricts you. The frilled lizard bites you.
You die...

#.# .. #$
#.# #..
..+
#.#####..#
#........#
#....lgS.#
#.....@..#
#........#
#........#
#........#
#...†....#
#..).....#
#..(.....#
#........#
#...)....#


You could see a hobgoblin, a ball python and a frilled lizard.

Vanquished Creatures
  A rat (D:1)
1 creature vanquished.

Notes
Turn   | Place    | Note
-------+----------+-------------------------------------------
     0 | D:1      | H0rd4k the Octopode Artificer began the quest for the Orb.
     0 | D:1      | Reached XP level 1. HP: 13/13 MP: 1/1
    31 | D:1      | Slain by a frilled lizard

Illustrated notes

Levels and vault maps discovered:
D:1:      evilmike_arrival_crescent, layout_basic,
          hellmonk_ecumenical_altar_dog_temple, minmay_distorted

Action                   || total
-------------------------++-------
Melee: Unarmed           ||     5
       Club              ||     1
       Constrict         ||     1
 Stab: Sleeping          ||     1
Dodge: Dodged            ||     5
